 Dungeon Crawl Stone Soup version 0.27-a0-1149-g4505690ab0 (webtiles) character file.

Game seed: 5312297979096008047

332 leviel the Cleaver (level 6, 0/52 HPs)
             Began as a Minotaur Fighter on May 13, 2021.
             Slain by a gnoll
             ... wielding a +3 vorpal flail
              (9 damage)
             ... on level 4 of the Dungeon.
             The game lasted 00:03:29 (3796 turns).

leviel the Cleaver (Minotaur Fighter)               Turns: 3796, Time: 00:03:29

Health: 0/52       AC:  8    Str: 23    XL:     6   Next: 26%
Magic:  5/5        EV:  7    Int:  5    God:
Gold:   156        SH:  9    Dex:  9    Spells: 5/5 levels left

rFire    . . .     SeeInvis .   a - +0 broad axe
rCold    . . .     Faith    .   c - +0 kite shield
rNeg     . . .     Spirit   .   b - +0 scale mail
rPois    .         Reflect  .   (helmet restricted)
rElec    .         Harm     .   (no cloak)
rCorr    .         Rampage  .   (no gloves)
Will     .....                  j - +0 pair of boots
Stlth    ..........             (no amulet)
HPRegen  0.17/turn              (no ring)
MPRegen  0.09/turn              (no ring)

@: no status effects
A: horns 2, retaliatory headbutt
a: no special abilities


You were on level 4 of the Dungeon.
You visited 1 branch of the dungeon, and saw 5 of its levels.

You collected 156 gold pieces.

Inventory:

Hand Weapons
 a - a +0 broad axe (weapon)
Missiles
 l - 2 boomerangs of dispersal (quivered)
Armour
 b - a +0 scale mail (worn)
 c - a +0 kite shield (worn)
 j - a +0 pair of boots (worn)
Jewellery
 r - a ring of poison resistance
 t - a +6 ring of intelligence
Wands
 u - a wand of flame (21)
Scrolls
 g - 5 scrolls of blinking {unknown}
 i - a scroll of fog {unknown}
 k - 2 scrolls of identify {unknown}
 o - a scroll of magic mapping {unknown}
 s - a scroll of enchant weapon {unknown}
Potions
 d - a potion of might
 e - a potion of mutation {unknown}
 f - a potion of curing {unknown}
 h - 2 potions of heal wounds {unknown}
 m - a potion of attraction {unknown}
 n - a potion of brilliance {unknown}
 p - a potion of degeneration {unknown}
 q - a potion of flight {unknown}


   Skills:
 - Level 3.6 Fighting
 * Level 8.0 Axes
 - Level 3.7 Armour
 - Level 3.7 Shields


You had 5 spell levels left.
You didn't know any spells.
Your spell library was empty.

Dungeon Overview and Level Annotations

Branches:
Dungeon (5/15)
 Temple: D:4-7

Altars:

Shops:
D:3 [   D:5 *

Annotations:
D:4 2 runed translucent doors


Innate Abilities, Weirdness & Mutations

You have a pair of horns on your head.
You reflexively headbutt those who attack you in melee.


Message History

The orc hits you but does no damage. The orc hits you with a +0 flail.
The gnoll hits you from afar with a +2 vorpal spear.
The gnoll hits you but does no damage.
You climb upwards.
Level annotation: 2 runed translucent doors Reactivating autopickup.
There is a stone staircase leading down, spattered with blood here.
You can't go up here!
You completely miss the gnoll. You slash the orc!
You kill the orc!
You hit the orc.
You feel less confused. The gnoll hits you but does no damage.
The orc hits you with a +0 flail.
You closely miss the gnoll. You headbutt the gnoll.
The gnoll is lightly wounded.
You hit the orc.
The gnoll hits you with a +3 vorpal flail.
The orc barely misses you. You block the gnoll's attack.
You closely miss the gnoll.
The gnoll is lightly wounded.
You slash the orc!
You kill the orc!
You block the gnoll's attack.
You closely miss the gnoll. You headbutt the gnoll.
The gnoll is heavily wounded.
The gnoll barely misses you.
You hit the gnoll.
The gnoll is severely wounded.
You block the gnoll's attack.
The gnoll hits you with a +3 vorpal flail.
* * * LOW HITPOINT WARNING * * *
x2 You barely miss the gnoll.
The gnoll is severely wounded.
You block the gnoll's attack.
You barely miss the gnoll.
The gnoll is severely wounded.
The gnoll hits you with a +3 vorpal flail.
* * * LOW HITPOINT WARNING * * *
x2 The gnoll hits you with a +3 vorpal flail!
You die...

#......##........###
#............#......
#..).........#...#..
#.....#..........#..
##...###.......####.
#..####..........#..
####........#..........
##.#..)).....##.......##
#......@....##..........
##....g....###..).......
#....#.....#.##.........
##...##.............##..
#####>.............##..
#...........#......
#...........#......
##...#..............
##.#.###....)........


You could see a gnoll.

Vanquished Creatures
  A scorpion (D:4)
  2 iguanas
  Jessica (D:3)
  A scorpion zombie (D:2)
  2 orc wizards
  A hound skeleton (D:4)
  A gnoll (D:4)
  2 adders
  A worm (D:2)
  A dart slug (D:2)
  6 orcs
  5 ball pythons
  6 bats
  5 endoplasms
  2 giant cockroaches
  4 goblins
  8 hobgoblins
  3 jackals
  3 quokkas
  5 frilled lizards
  8 kobolds
  4 rats
72 creatures vanquished.

Notes
Turn   | Place    | Note
-------+----------+-------------------------------------------
     0 | D:1      | leviel the Minotaur Fighter began the quest for the Orb.
     0 | D:1      | Reached XP level 1. HP: 19/19 MP: 0/0
    27 | D:1      | You fall into a shaft and drop 1 floor!
    70 | D:2      | Reached skill level 3 in Axes
    70 | D:2      | Reached XP level 2. HP: 24/27 MP: 1/1
   400 | D:2      | Reached skill level 4 in Axes
   577 | D:2      | Reached XP level 3. HP: 28/33 MP: 2/2
   847 | D:2      | Reached skill level 5 in Axes
  1211 | D:3      | Reached XP level 4. HP: 36/40 MP: 3/3
  1267 | D:3      | Reached skill level 6 in Axes
  1489 | D:3      | Found Qyich's Armour Shoppe.
  1521 | D:3      | Noticed Jessica
  1525 | D:3      | Killed Jessica
  1526 | D:3      | Reached XP level 5. HP: 46/46 MP: 4/4
  1863 | D:1      | Found a faded altar of an unknown god.
  2392 | D:1      | You fall into a shaft and drop 1 floor!
  2950 | D:4      | Reached skill level 7 in Axes
  2974 | D:4      | Reached XP level 6. HP: 29/52 MP: 5/5
  3330 | D:4      | Found a large runed translucent door.
  3331 | D:4      | Found a large runed translucent door.
  3666 | D:5      | Entered Level 5 of the Dungeon
  3666 | D:5      | Noticed a water moccasin
  3674 | D:5      | Found Zyufaomn's General Store.
  3687 | D:4      | Reached skill level 8 in Axes
  3796 | D:4      | Slain by a gnoll

Illustrated notes

Levels and vault maps discovered:
D:1:      dpeg_arrival_brainrot, layout_basic,
          shapermc_ecumenical_altar_mp_ritualfount, serial_curves,
          eino_curves_02, eino_curves_02, eino_curves_04, eino_curves_03,
          chequers_serial_rivers_micro_b
D:2:      minmay_spotlight, layout_loops_ring
D:3:      layout_loops_cross, serial_shops,
          nicolae_shop_temple_entry_statues_fountains, uniq_jessica
D:4:      layout_cave_pools, jmf_multi_god_temple2
D:5:      layout_cave_pools, nicolae_ru_path_of_blood, serial_shops, shop,
          ebering_ghost_reflecting_pool

Skill      XL: |  1  2  3  4  5  6 |
---------------+-------------------+-----
Axes           | 3 4 5 6 7 8 |  8.0
Fighting       | |  3.6
Armour         | |  3.7
Shields        | |  3.7

Action                   |  1- 3 |  4- 6 || total
-------------------------+-------+-------++-------
Melee: War axe           |    82 |    61 ||   143
       Headbutt          |    14 |    22 ||    36
       Broad axe         |       |    40 ||    40
Armor: Scale mail        |    46 |    52 ||    98
Dodge: Dodged            |    31 |    29 ||    60
Block: Kite shield       |    42 |    51 ||    93

Table legend: (Time is in decaauts)
 A = Elapsed time spent in this place.
 B = Non-inter-level travel time spent in this place.
 C = Inter-level travel time spent in this place.
 D = Time resting spent in this place.
 E = Time spent auto-exploring this place.
 F = Levels seen in this place.
 G = Mean time per level.
                   A        B        C        D        E       F      G
               +--------+--------+--------+--------+--------+-----+--------+
         Total |   3888 |   3629 |    259 |    393 |   2771 |   5 |  777.6 |
       Dungeon |   3888 |   3629 |    259 |    393 |   2771 |   5 |  777.6 |
               +--------+--------+--------+--------+--------+-----+--------+

Top non-repeatable levels by time:
     D:2: 1246 daAuts
     D:4: 999 daAuts
     D:1: 972 daAuts
     D:3: 658 daAuts
     D:5: 11 daAuts
